 Dungeon Crawl Stone Soup version 0.28-a0-1447-ga5a8893891 (webtiles) character file.

Game seed: 10820570759276222137

269 Hasart the Shield-Bearer (level 6, -2/43 HPs)
             Began as an Octopode Fighter on Jan 10, 2022.
             Slain by a gnoll (5 damage)
             ... on level 4 of the Dungeon.
             The game lasted 00:03:08 (3214 turns).

Hasart the Shield-Bearer (Octopode Fighter)         Turns: 3214, Time: 00:03:09

Health: -2/43      AC:  1    Str: 17    XL:     6   Next: 22%
Magic:  6/6        EV: 13    Int: 10    God:
Gold:   107        SH:  5    Dex: 12    Spells: 5/5 levels left

rFire   . . .      SeeInvis .   j - +2 hand axe (flame)
rCold   . . .      Faith    .   b - +0 buckler
rNeg    . . .      Spirit   .   (helmet restricted)
rPois   +          Reflect  .   (no amulet)
rElec   .          Harm     .   h - ring of poison resistance
rCorr   .          Rampage  .   (no ring)
Will    .....                   (no ring)
Stlth   +.........              (no ring)
HPRegen 0.14/turn               (no ring)
MPRegen 0.10/turn               (no ring)
                                (no ring)
                                (no ring)

@: lit by a corona, glowing
A: almost no armour, amphibious, 8 rings, camouflage 1, gelatinous body 1,
(nimble swimmer 1), tentacles
a: no special abilities


You were on level 4 of the Dungeon.
You visited 1 branch of the dungeon, and saw 4 of its levels.

You collected 107 gold pieces.

Inventory:

Hand Weapons
 a - a +0 trident
 j - a +2 hand axe of flaming (weapon)
Armour
 b - a +0 buckler (worn)
Jewellery
 h - a ring of poison resistance (left tentacle)
Scrolls
 d - a scroll of identify
 f - a scroll of amnesia
Potions
 c - a potion of might
 g - a potion of curing
 i - a potion of degeneration {unknown}


   Skills:
 + Level 4.0 Fighting
 * Level 2.1(3.1) Axes
 - Level 3.4(3.8) Polearms
 + Level 4.0 Dodging
 + Level 4.0 Shields


You had 5 spell levels left.
You didn't know any spells.
Your spell library contained the following spells:

 Spells                   Type           Power      Damage    Failure   Level
 Slow                     Hex            0%         N/A       43%         1
 Confusing Touch          Hex            0%         N/A       82%         3
 Vampiric Draining        Necr           0%         2d6       82%         3


Dungeon Overview and Level Annotations

Branches:
Dungeon (4/15)
 Temple: D:4-7

Altars:

Annotations:
D:2 1 runed translucent door, Crazy Yiuf


Innate Abilities, Weirdness & Mutations

You cannot wear most types of armour.
You are amphibious.
You can wear up to eight rings at the same time.
Your skin changes colour to match your surroundings (Stealth+).
Your rubbery body absorbs attacks. (AC +1, EV +1)
((You are camouflaged when in or above water. (Stealth+)))
You have tentacles for arms and can constrict up to eight enemies at once.


Message History

You hit the gnoll shaman. You burn the gnoll shaman.
Your grab misses the gnoll shaman.
The gnoll shaman is moderately wounded.
The gnoll barely misses you. You block the gnoll's attack.
The gnoll shaman misses you.
You hit the gnoll shaman. You burn the gnoll shaman.
Your grab misses the gnoll shaman.
The gnoll shaman is heavily wounded.
The gnoll closely misses you. The gnoll completely misses you.
The gnoll shaman closely misses you. The gnoll misses you.
You block the gnoll's attack.
You closely miss the gnoll shaman. You grab the gnoll shaman.
You squeeze the gnoll shaman, but do no damage.
The gnoll shaman is heavily wounded.
You constrict the gnoll shaman. The gnoll shaman closely misses you.
You block the gnoll's attack.
The gnoll hits you from afar with a +0 spear.
You slash the gnoll shaman! You burn the gnoll shaman.
You kill the gnoll shaman!
The gnoll throws a throwing net.
The throwing net hits you.
You become entangled in the net!
The gnoll hits you but does no damage.
Your Fighting skill increases to level 4!
Your base Axes skill increases to level 2!
Your Dodging skill increases to level 4!
Your Shields skill increases to level 4!
You struggle against the net.
The gnoll hits you from afar with a +0 spear. x2
The goblin hits you with a +0 club.
You struggle against the net.
The gnoll hits you from afar with a +0 spear. x2
The goblin hits you with a +0 club.
You tear a large gash into the net.
The gnoll hits you from afar with a +0 spear.
* * * LOW HITPOINT WARNING * * *
The gnoll hits you from afar with a +0 spear.
* * * LOW HITPOINT WARNING * * *
The goblin closely misses you.
You shred the net and break free! The gnoll misses you.
The gnoll hits you from afar with a +0 spear.
You die...

####........##.### #
#...........#### #
##........[....# #
#..........<##.## #
#.#.#.##........# #
#.#.........##..####
#.###.##.##.##....†.
##.##g###..........#####
......g@..#####.##......
##.##g##### # ##.##### #
#.# ### #.# ... #.##.##
#... . ### # #


You could see 2 gnolls and a goblin.

Vanquished Creatures
  A howler monkey (D:3)
  A hound (D:3)
  A gnoll shaman (D:4)
  2 orc wizards (D:3)
  A gnoll (D:4)
  3 adders
  4 worms
  8 orcs (D:3)
  4 endoplasms
  3 giant cockroaches
  2 goblins
  3 hobgoblins
  9 jackals
  2 kobolds
  2 quokkas (D:2)
  6 ball pythons
  6 bats
  5 frilled lizards
  11 rats
74 creatures vanquished.

Notes
Turn   | Place    | Note
-------+----------+-------------------------------------------
     0 | D:1      | Hasart the Octopode Fighter began the quest for the Orb.
     0 | D:1      | Reached XP level 1. HP: 16/16 MP: 1/1
   139 | D:1      | Reached XP level 2. HP: 21/21 MP: 2/2
   321 | D:1      | Found a faded altar of an unknown god.
   766 | D:2      | Reached XP level 3. HP: 26/26 MP: 3/3
  1480 | D:2      | Reached XP level 4. HP: 27/31 MP: 4/4
  1644 | D:2      | Identified the +1 robe of Impermeability {Regen+}
  1775 | D:2      | Found a runed translucent door.
  1776 | D:2      | Noticed Crazy Yiuf
  2159 | D:3      | Reached XP level 5. HP: 30/36 MP: 5/5
  2316 | D:3      | Reached skill level 1 in Axes
  3175 | D:4      | Reached XP level 6. HP: 43/43 MP: 6/6
  3214 | D:4      | Slain by a gnoll

Illustrated notes

Levels and vault maps discovered:
D:1:      minmay_arrival_split_and_join, layout_loops_ring,
          ebering_ecumenical_altar_petrified
D:2:      layout_loops_ring, uniq_crazy_yiuf_cottage
D:3:      layout_basic
D:4:      layout_loops_cross, lemuel_mausoleum_altar_yredelemnul,
          lemuel_round_altar, uniq_edmund

Skill      XL: |  1  2  3  4  5  6 |
---------------+-------------------+-----
Polearms       | 3 |  3.4
Axes           | 1 2 |  2.1
Fighting       | 4 |  4.0
Dodging        | 4 |  4.0
Shields        | 4 |  4.0

Action                   |  1- 3 |  4- 6 || total
-------------------------+-------+-------++-------
Melee: Trident           |    70 |    36 ||   106
       Constrict         |    15 |    16 ||    31
       Tentacles         |     9 |     8 ||    17
       Punch             |       |     1 ||     1
       Hand axe          |       |    44 ||    44
  Use: Scroll            |       |     4 ||     4
 Stab: Sleeping          |    12 |    10 ||    22
Armor: Skin              |     3 |     7 ||    10
Dodge: Dodged            |    31 |    40 ||    71
Block: Buckler           |     9 |    10 ||    19

Table legend: (Time is in decaauts)
 A = Elapsed time spent in this place.
 B = Non-inter-level travel time spent in this place.
 C = Inter-level travel time spent in this place.
 D = Time resting spent in this place.
 E = Time spent auto-exploring this place.
 F = Levels seen in this place.
 G = Mean time per level.
                   A        B        C        D        E       F      G
               +--------+--------+--------+--------+--------+-----+--------+
         Total |   3242 |   3109 |    133 |    205 |   2456 |   4 |  810.5 |
       Dungeon |   3242 |   3109 |    133 |    205 |   2456 |   4 |  810.5 |
               +--------+--------+--------+--------+--------+-----+--------+

Top non-repeatable levels by time:
     D:2: 1254 daAuts
     D:3: 1138 daAuts
     D:1: 726 daAuts
     D:4: 122 daAuts
